[Event "Live Chess"]
[Site "Chess.com"]
[Date "2023.05.21"]
[Round "-"]
[White "domrobson"]
[Black "davigator"]
[Result "0-1"]
[WhiteElo "1808"]
[BlackElo "2303"]
[TimeControl "300"]
[EndTime "8:46:26 PDT"]
[Termination "davigator won by resignation"]

1. d4 Nf6 2. c4 e6 3. Nf3 Bb4+ 4.
Bd2 a5 5. Nc3 O-O 6. Qc2 d5 7.
e3 c5 8. dxc5 Nbd7 9. cxd5 exd5 10. Bd3 Nxc5 11. O-O Re8 12. Nd4 Bd7 13. a3 Bxc3 14.
Qxc3 Nce4 15. Qc2 Rc8 16. Qd1 Qb6 17. Bxe4 dxe4 18. Bc3 Nd5 19. Rc1 Nxc3 20. bxc3 Qc5 21.
Qb3 b5 22. Rfd1 Rc7 23. h3 g6 24. Rd2 Kg7 25. Rdc2 Rb8 26. Qb2 Qc4 27. Qb3 h5 28. Qxc4 Rxc4 29. Rb1 Ra4 30. Rcb2 Rxa3 31. Nxb5 Bxb5 32.
Rxb5 Rc8 33. R5b3 Rxc3 34. Rxc3 Rxc3 35. Ra1 Rc5 36. Kf1 f5 37. Ke2 Kf6 38. Kd2 Ke5 39.
Ra4 Kd5 40. f3 exf3 41. gxf3 Kc6 42. e4 Kb5 43. Ra1 fxe4 44. fxe4 a4 45. Kd3 Kb4 46. Kd4 Rc4+ 47. Kd5 Rc3 48. e5 Rxh3 49. e6 Re3 50.
Kd6 a3 51. e7 g5 52. Rb1+ Kc3 53. Rh1 a2 54. Rh3 Rxh3 55. e8=Q Rd3+ 56. Kc7 a1=Q 57. Qh8+ Rd4 0-1

[Event "Live Chess"]
[Site "Chess.com"]
[Date "2023.05.21"]
[Round "-"]
[White "KeithArkell"]
[Black "LordBenin"]
[Result "1-0"]
[WhiteElo "2460"]
[BlackElo "1388"]
[TimeControl "300"]
[EndTime "8:46:29 PDT"]
[Termination "KeithArkell won by resignation"]

1. d4 Nf6 2. Nf3 e6 3. c4 d5 4. cxd5 Nxd5 5. Nc3 Nxc3 6. bxc3 Be7 7. e4 b6 8. Bd3 Ba6 9. Bxa6 Nxa6 10. Qa4+ Qd7 11. Qxa6 O-O 12. O-O c5 13. a4 cxd4 14. cxd4 Rfd8 15.
Be3 h6 16. Rfd1 Qc6 17. Qd3 Rac8 18. d5 exd5 19. exd5 Qf6 20. a5 bxa5 21. Rxa5 Rd7 22. h3 Rcd8 23. Bxa7 Bb4 24. Rb5 Bf8 25. Bb6 Qd6 26.
Bxd8 Rxd8 27. g3 Qa6 28. Rb3 Qa8 29. Kg2 Be7 30. Rb5 Bf6 31. Qc4 1-0

[Event "Live Chess"]
[Site "Chess.com"]
[Date "2023.05.21"]
[Round "-"]
[White "yeetpizza74"]
[Black "LanceMaster23"]
[Result "0-1"]
[WhiteElo "497"]
[BlackElo "1959"]
[TimeControl "300"]
[EndTime "8:46:31 PDT"]
[Termination "LanceMaster23 won by checkmate"]

1. e4 c5 2. Nf3 Nc6 3. c3 d5 4.
exd5 Qxd5 5. d4 cxd4 6. cxd4 e6 7. Nc3 Qd8 8. d5 exd5 9. Nxd5 Be6 10. Bc4 Nf6 11. Nxf6+ Qxf6 12. Bxe6 Qxe6+ 13. Be3 Bb4+ 14. Nd2 Rd8 15. O-O O-O 16. a3 Ba5 17. b4 Bc7 18. Bxa7 Qd6 19. Bc5 Qxh2# 0-1

[Event "Live Chess"]
[Site "Chess.com"]
[Date "2023.05.21"]
[Round "-"]
[White "Dhaydon19"]
[Black "Mikhail_Golubev"]
[Result "1-0"]
[WhiteElo "2692"]
[BlackElo "2421"]
[TimeControl "300"]
[EndTime "8:46:38 PDT"]
[Termination "Dhaydon19 won by resignation"]

1. d4 Nf6 2. Nf3 d6 3. g3 g6 4. Bg2 Bg7 5. O-O O-O 6. c4 Nbd7 7. Nc3 e5 8. Qc2 exd4 9. Nxd4 Nb6 10. b3 c5 11. Nf3 Bf5 12. Qd1 d5 13. Ba3 d4 14.
Nb1 Qc7 15. Nbd2 Rfe8 16. Nh4 Bg4 17. Bf3 Bd7 18. Rc1 a5 19. Bg2 Rad8 20. Re1 Nc8 21. Nhf3 b6 22. Bb2 Nd6 23. a3 Nf5 24. Qc2 Bc6 25.
b4 axb4 26. axb4 Rxe2 27. Rxe2 d3 28. Qd1 dxe2 29. Qxe2 cxb4 30. Nb3 Re8 31. Qd2 Ne4 32. Qc2 Bxb2 33. Qxb2 Nc3 34. Kh1 Re2 35. Rc2 Nd1 36. Qc1 Nxf2+ 37. Kg1 Nd3 38. Qd1 Bxf3 39. Rxe2 Bxe2 40.
Qxe2 Qxc4 41. Be4 Qc5+ 42. Nxc5 Nxc5 43. Bxf5 1-0

[Event "Live Chess"]
[Site "Chess.com"]
[Date "2023.05.21"]
[Round "-"]
[White "HoarseyHorsey"]
[Black "ProfPoisson"]
[Result "1-0"]
[WhiteElo "1468"]
[BlackElo "1208"]
[TimeControl "300"]
[EndTime "8:46:42 PDT"]
[Termination "HoarseyHorsey won by resignation"]

1. d4 e6 2. c4 f5 3. Nc3 Nf6 4.
Bg5 Bb4 5. e3 Bxc3+ 6. bxc3 O-O 7. h4 Qe8 8. Bd3 b6 9. f3 d6 10. e4 fxe4 11. Bxe4 Nxe4 12. fxe4 Ba6 13. Qd3 Qf7 14.
O-O-O Nc6 15. Nf3 Na5 16. d5 Bxc4 17. Qd2 exd5 18. exd5 Qxd5 19. Qxd5+ Bxd5 20. Rxd5 Rae8 21. Re1 Rxe1+ 22. Nxe1 Nc4 23. Rd1 h6 24. Bd2 a5 25.
Nf3 c6 26. Re1 b5 27. Re6 c5 28. Re7 b4 29. Ra7 bxc3 30. Bxc3 Re8 31. Rxg7+ Kf8 32. Ra7 Re3 33. Bxa5 Nxa5 34. Rxa5 Re2 35. Ra6 Rxg2 36. Rxd6 Rxa2 37. Rc6 Ra3 38. Ne5 Rc3+ 39. Kd2 Rg3 40. Rxc5 Ke7 41. h5 Kd6 42. Ra5 Rg5 43. Nf7+ Ke6 44.
Nxg5+ hxg5 45. Rxg5 Kf6 46. Rg2 Kf7 47. h6 1-0

[Event "Live Chess"]
[Site "Chess.com"]
[Date "2023.05.21"]
[Round "-"]
[White "hturner40"]
[Black "Bob2pen"]
[Result "0-1"]
[WhiteElo "1786"]
[BlackElo "1889"]
[TimeControl "300"]
[EndTime "8:46:46 PDT"]
[Termination "Bob2pen won on time"]

1. Nf3 Nf6 2. g3 g6 3. Bg2 Bg7 4. O-O O-O 5. c4 d5 6. cxd5 Nxd5 7. Nc3 Nxc3 8. dxc3 Nc6 9. Bf4 e5 10. Bg5 f6 11. Qb3+ Kh8 12. Rad1 Qe7 13. Be3 Rb8 14. Rd2 Be6 15. Qa4 Rfd8 16. Rfd1 Rxd2 17. Rxd2 Rd8 18. Qb5 Rxd2 19. Nxd2 Nd8 20. Bxb7 Nxb7 21. Qxb7 a5 22. Qa8+ Bf8 23. Bh6 Kg8 24. Bxf8 Qxf8 25. Qxa5 Qd6 26.
c4 Qd4 27. Qc3 Qc5 28. b4 Qc6 29. a3 Bh3 30. Qf3 Qd6 31. Qd5+ Qxd5 32. cxd5 Kf7 33. e4 Ke7 34. f3 Kd6 35. Kf2 f5 36. Ke3 c6 37.
Nc4+ Kc7 38. dxc6 f4+ 39. gxf4 exf4+ 40. Kxf4 Kxc6 41. a4 Bf1 42. Ne5+ Kd6 43. b5 Kc5 44. Nd7+ Kd6 45. Nf6 h5 46. e5+ Ke6 47. Nh7 Bc4 48.
Ng5+ Ke7 49. e6 Bb3 0-1

[Event "Live Chess"]
[Site "Chess.com"]
[Date "2023.05.21"]
[Round "-"]
[White "jagbama"]
[Black "Ocelot32"]
[Result "0-1"]
[WhiteElo "1199"]
[BlackElo "1432"]
[TimeControl "300"]
[EndTime "8:46:46 PDT"]
[Termination "Ocelot32 won by resignation"]

1. e4 e6 2. Nf3 d5 3. e5 c5 4. c3 Nc6 5. d4 cxd4 6. cxd4 Qb6 7. Be2 Nge7 8. O-O Nf5 9. Be3 Be7 10. Nc3 O-O 11.
b3 Bd7 12. a4 a6 13. a5 Qd8 14. Na4 Nxa5 15. Nc5 Bxc5 16. Rxa5 Qxa5 17. dxc5 Nxe3 18. fxe3 Qxc5 19. Kh1 Qxe3 20. b4 Bc6 21. Re1 Qh6 22. h3 Rfd8 23. Kh2 Qf4+ 24. g3 Qxb4 25. Bd3 Bb5 26. Ng5 Bxd3 27. Qxd3 g6 28. Rf1 Rf8 29. Rf4 Qb2+ 30. Kg1 Qxe5 31. Qf3 Qxg5 32. h4 Qe5 33. h5 Rac8 34. h6 Rc1+ 35. Kh2 Rc2+ 36. Kh3 Qh5+ 37. Rh4 Qxf3 0-1

[Event "Live Chess"]
[Site "Chess.com"]
[Date "2023.05.21"]
[Round "-"]
[White "JoshMcK"]
[Black "NatashaRegan"]
[Result "0-1"]
[WhiteElo "1575"]
[BlackElo "1706"]
[TimeControl "300"]
[EndTime "8:46:55 PDT"]
[Termination "NatashaRegan won on time"]

1. e4 d6 2. d4 Nf6 3. Nc3 g6 4. Be3 Bg7 5. Qd2 c5 6. O-O-O cxd4 7. Bxd4 Nc6 8. Be3 Qa5 9. Kb1 Be6 10. a3 a6 11. f3 b5 12. Nge2 O-O 13. Nd4 Nxd4 14. Bxd4 b4 15. axb4 Qxb4 16. b3 Rfb8 17. Na2 Qa3 18.
Bb2 Qxb2+ 19. Kxb2 Nxe4+ 20. Kc1 Nxd2 21. Rxd2 Bh6 22.
g4 a5 23. Nc3 Bxd2+ 24. Kxd2 Rb5 25. Bxb5 Rb8 26. Ra1 Kg7 27. Rxa5 Kf6 28. Ne4+ Kg7 29.
Bc4 d5 30. Bxd5 Rd8 31. c4 Bc8 32. Ke3 e6 33. Bc6 f5 34. gxf5 gxf5 35. Ng3 Kf6 36. f4 Bd7 37. Bxd7 Rxd7 38. Ne2 h5 39. h4 Rg7 40.
Nd4 Rg3+ 41. Kf2 Rg4 42. Ra6 Rxf4+ 43. Ke3 Re4+ 44. Kf3 Rxd4 45. c5 Rd3+ 46. Kf4 Rxb3 47. Ra8 Rb4+ 48. Kg3 Rg4+ 49. Kh3 Rc4 50. Rc8 Ke5 51. c6 Kd6 52. Rh8 Rxc6 53. Rxh5 Rc3+ 54. Kg2 Ke5 55. Kf2 Kf4 56. Ke2 Rc2+ 57. Kd1 Rh2 58. Rh8 e5 59. Rb8 e4 60. Rb4 Rxh4 61. Ke1 Rh2 62. Kf1 Kf3 63. Rb3+ e3 64. Kg1 Rg2+ 65.
Kh1 Rf2 66. Kg1 Ra2 67. Kh1 Ra1+ 0-1

[Event "Live Chess"]
[Site "Chess.com"]
[Date "2023.05.21"]
[Round "-"]
[White "djw60"]
[Black "LiamClery2020"]
[Result "1/2-1/2"]
[WhiteElo "2158"]
[BlackElo "1995"]
[TimeControl "300"]
[EndTime "8:47:00 PDT"]
[Termination "Game drawn by agreement"]

1. d4 Nf6 2. c4 g6 3. Nc3 d5 4. Bg5 Bg7 5. Nf3 c6 6. Qb3 Qb6 7. c5 Qxb3 8. axb3 Nbd7 9. e3 O-O 10. b4 Re8 11. b5 e5 12. Be2 exd4 13. exd4 Ne4 14. Be3 f5 15. g3 Ndxc5 16. dxc5 Nxc3 17.
bxc6 bxc6 18. Ba6 d4 19. bxc3 dxe3 20. O-O exf2+ 21. Kxf2 Bxc3 1/2-1/2

[Event "Live Chess"]
[Site "Chess.com"]
[Date "2023.05.21"]
[Round "-"]
[White "slava_ukr"]
[Black "Ian-Morley"]
[Result "1-0"]
[WhiteElo "2347"]
[BlackElo "1096"]
[TimeControl "300"]
[EndTime "8:47:03 PDT"]
[Termination "slava_ukr won by resignation"]

1. e4 e5 2. Nf3 Nc6 3. Bb5 a6 4. Bxc6 dxc6 5. O-O Bc5 6. Nxe5 Nf6 7. d3 Be6 8. Nc3 Bd6 9. Nf3 Bc5 10. Bg5 O-O 11. e5 h6 12. Bh4 g5 13. Nxg5 Bxf2+ 14. Rxf2 Ng4 15. Nxe6 Qxh4 16. g3 Qxh2+ 17. Rxh2 Nxh2 18. Nxf8 Kxf8 19. Kxh2 1-0

[Event "Live Chess"]
[Site "Chess.com"]
[Date "2023.05.21"]
[Round "-"]
[White "WilliamofOrange16th"]
[Black "LiamBellwood"]
[Result "0-1"]
[WhiteElo "1845"]
[BlackElo "1930"]
[TimeControl "300"]
[EndTime "8:47:12 PDT"]
[Termination "LiamBellwood won by resignation"]

1. e4 e6 2. f4 d5 3. e5 c5 4. Nf3 Nc6 5. c3 Nh6 6. Na3 Nf5 7. Nc2 Qb6 8. d4 cxd4 9. cxd4 h5 10.
Bd3 g6 11. Bxf5 gxf5 12. O-O Bd7 13. Kh1 O-O-O 14. a4 Kb8 15. Qe2 Nb4 16. Nxb4 Bxb4 17. Bd2 Rc8 18. a5 Bb5 19. axb6 Bxe2 20. Rf2 Bxd2 21.
bxa7+ Ka8 22. Nxd2 Ba6 23. Nb3 Rc4 24. Rd2 Rhc8 25. Nc5 Kxa7 26. b3 Rb4 27. g3 Kb6 28. Kg2 Bb5 29. Kh3 Rh8 30. Kg2 Bc6 31. Kf3 Rb5 32. Ke3 Ra5 33. Rxa5 Kxa5 34. Ra2+ Kb6 35. Kd3 Bb5+ 36. Kc3 Kc6 37. Ra7 Ba6 38. Nxa6 Kb6 39. Rxb7+ Kxb7 40. Nc5+ Kc6 41. Nd3 h4 0-1

[Event "Live Chess"]
[Site "Chess.com"]
[Date "2023.05.21"]
[Round "-"]
[White "SavagePawn7"]
[Black "GEMdzq"]
[Result "0-1"]
[WhiteElo "775"]
[BlackElo "2217"]
[TimeControl "300"]
[EndTime "8:47:13 PDT"]
[Termination "GEMdzq won by checkmate"]

1. e4 d6 2. d4 Nf6 3. Nc3 g6 4.
Nf3 Bg7 5. h4 c5 6. Be3 cxd4 7.
Bxd4 Nc6 8. Bxf6 Bxf6 9. g4 Bxg4 10. Bh3 Bh5 11. Nd5 Ne5 12. Bg2 e6 13. Nxf6+ Qxf6 14. Qxd6 Nxf3+ 15. Bxf3 Rd8 16. Qg3 Qxf3 17. Qxf3 Bxf3 18.
Rg1 h5 19. Kf1 Ke7 20. c4 Rd7 21. b3 Rhd8 22. Rg3 Rd1+ 23. Rxd1 Rxd1# 0-1

[Event "Live Chess"]
[Site "Chess.com"]
[Date "2023.05.21"]
[Round "-"]
[White "Misha145Chess"]
[Black "1600x"]
[Result "0-1"]
[WhiteElo "621"]
[BlackElo "1936"]
[TimeControl "300"]
[EndTime "8:47:18 PDT"]
[Termination "1600x won by checkmate"]

1. e4 e5 2. Nf3 Nf6 3. Nxe5 Nc6 4. Nxc6 dxc6 5. Qe2 c5 6. e5 Nd5 7. c4 Nb4 8. Qd1 Qd4 9. a3 Qe4+ 10. Qe2 Nc2+ 11.
Kd1 Qxe2+ 12. Kxe2 Nxa1 13. Ke3 Nc2+ 14. Ke4 g6 15.
Kd5 Bf5 16. h3 c6# 0-1

[Event "Live Chess"]
[Site "Chess.com"]
[Date "2023.05.21"]
[Round "-"]
[White "domrobson"]
[Black "TheSmoulderingMaster"]
[Result "0-1"]
[WhiteElo "1797"]
[BlackElo "1675"]
[TimeControl "300"]
[EndTime "8:47:25 PDT"]
[Termination "TheSmoulderingMaster won by resignation"]

1. d4 Nf6 2. c4 d6 3. Nf3 g6 4.
Nc3 Bg7 5. e4 O-O 6. Be2 Bg4 7.
O-O Nbd7 8. Be3 e5 9. d5 Nc5 10. Bxc5 dxc5 11. Ne1 Bxe2 12. Qxe2 Nh5 13. g3 f5 14. Ng2 f4 15. g4 f3 0-1

[Event "Live Chess"]
[Site "Chess.com"]
[Date "2023.05.21"]
[Round "-"]
[White "Long1968"]
[Black "Olisingapore"]
[Result "0-1"]
[WhiteElo "981"]
[BlackElo "1809"]
[TimeControl "300"]
[EndTime "8:47:27 PDT"]
[Termination "Olisingapore won on time"]

1. e4 c5 2. c3 Nf6 3. e5 Nd5 4. d4 cxd4 5. cxd4 Nc6 6. Nf3 d6 7. exd6 Qxd6 8. Nc3 Bg4 9. Be2 g6 10. O-O Bg7 11. Ne4 Qc7 12. Bb5 O-O 13. Bxc6 Qxc6 14. Be3 Nxe3 15. fxe3 Qxe4 16. Qd2 Rad8 17. Rac1 e5 18.
Nxe5 Bxe5 19. h3 Bxh3 20. gxh3 Bb8 21. Rc4 Qe7 22. Rfc1 Qg5+ 23. Qg2 Qxe3+ 24. Kh1 Rxd4 0-1

[Event "Live Chess"]
[Site "Chess.com"]
[Date "2023.05.21"]
[Round "-"]
[White "defenderalist"]
[Black "gmnorfolk"]
[Result "0-1"]
[WhiteElo "1627"]
[BlackElo "2122"]
[TimeControl "300"]
[EndTime "8:47:27 PDT"]
[Termination "gmnorfolk won by resignation"]

1. e4 c5 2. Nf3 d6 3. d4 cxd4 4.
Nxd4 Nf6 5. Nc3 a6 6. Bd3 g6 7. O-O Bg7 8. Nde2 O-O 9. f4 Nbd7 10. a3 b5 11. Rb1 Bb7 12. f5 Rc8 13. fxg6 fxg6 14. Bg5 Ne5 15. Qd2 Qd7 16. Bh6 e6 17.
Bxg7 Kxg7 18. Nf4 Rce8 19. Rbe1 g5 20. Nfe2 h6 21. Ng3 Kh7 22. Qe2 Qf7 23. Nd1 Bc6 24.
c3 Qb7 25. Bb1 Qb6+ 26. Kh1 a5 27. Nh5 Nxh5 28. Qxh5 Qb7 29. Qe2 Qg7 30. Rxf8 Rxf8 31. Nf2 Qf6 32. h3 Qxf2 33. Qxf2 Rxf2 34. Kg1 Rxb2 0-1

[Event "Live Chess"]
[Site "Chess.com"]
[Date "2023.05.21"]
[Round "-"]
[White "GMHarry-youtube"]
[Black "SupremeTactician"]
[Result "0-1"]
[WhiteElo "1996"]
[BlackElo "2165"]
[TimeControl "300"]
[EndTime "8:47:34 PDT"]
[Termination "SupremeTactician won by resignation"]

1. e4 e5 2. Nf3 Nc6 3. Bc4 Bc5 4.
c3 Nf6 5. d3 O-O 6. O-O d5 7.
exd5 Nxd5 8. Re1 Bg4 9. h3 Bh5 10. g4 Bg6 11. Nxe5 Nxe5 12. Rxe5 Bxf2+ 13. Kxf2 Qf6+ 14. Qf3 Qxe5 15. Qxd5 Qh2+ 16. Qg2 Qd6 17. Qg3 Qf6+ 18. Qf3 Qh4+ 19. Qg3 Qf6+ 20. Kg2 Rae8 21. Be3 c6 22. Nd2 b5 23. Bb3 Bxd3 24. Re1 Qd8 25. Bd4 Rxe1 26. Qxe1 Re8 27. Be3 Qe7 28. Kf2 Qh4+ 0-1

[Event "Live Chess"]
[Site "Chess.com"]
[Date "2023.05.21"]
[Round "-"]
[White "ZackirtyChess"]
[Black "Doge_Dandolo"]
[Result "0-1"]
[WhiteElo "1175"]
[BlackElo "1856"]
[TimeControl "300"]
[EndTime "8:47:42 PDT"]
[Termination "Doge_Dandolo won by resignation"]

1. f4 e5 2. fxe5 d6 3. exd6 Bxd6 4. Nf3 g5 5. e4 g4 6. e5 gxf3 7. exd6 Qxd6 8. gxf3 Nc6 9. Nc3 Bf5 10. Bc4 O-O-O 11. d3 Re8+ 12. Ne2 Nd4 0-1

[Event "Live Chess"]
[Site "Chess.com"]
[Date "2023.05.21"]
[Round "-"]
[White "MarkLim1"]
[Black "youtookmyhorse"]
[Result "1-0"]
[WhiteElo "1710"]
[BlackElo "784"]
[TimeControl "300"]
[EndTime "8:48:05 PDT"]
[Termination "MarkLim1 won by checkmate"]

1. e4 c6 2. d4 d5 3. exd5 cxd5 4. Bd3 Nc6 5. c3 Nf6 6. Bf4 Bg4 7. Qb3 b6 8. Nd2 e6 9. Ngf3 Bxf3 10. Nxf3 Bd6 11.
Bxd6 Qxd6 12. Bb5 O-O 13. O-O Ne7 14. Rfe1 Nf5 15. Ne5 Rac8 16. Bd3 Nh5 17. g4 Nf4 18. gxf5 Nxd3 19. Nxd3 exf5 20. Qd1 f4 21. Qg4 f3 22.
Qxf3 Qg6+ 23. Qg3 Qh6 24. Re5 Rce8 25. Rae1 Rxe5 26. Rxe5 Qd2 27. Rg5 g6 28. Re5 Qd1+ 29.
Kg2 f6 30. Rxd5 Kf7 31. Rd7+ Kg8 32. Qh3 h5 33. Qg3 Qg4 34. Qxg4 hxg4 35. Rxa7 Re8 36.
Rb7 Re6 37. Nf4 Re2 38. Nxe2 f5 39. Nf4 g5 40. Ne6 f4 41. Nxg5 f3+ 42. Kg3 Kf8 43. Kxg4 Kg8 44. Kf5 Kf8 45. Ne6+ Ke8 46. Kf6 b5 47. Re7# 1-0

[Event "Live Chess"]
[Site "Chess.com"]
[Date "2023.05.21"]
[Round "-"]
[White "Crowded_House"]
[Black "onemoretime1975"]
[Result "0-1"]
[WhiteElo "1617"]
[BlackElo "1840"]
[TimeControl "300"]
[EndTime "8:48:07 PDT"]
[Termination "onemoretime1975 won by resignation"]

1. d4 d5 2. Bg5 Nf6 3. e3 e6 4.
Nd2 Be7 5. Bd3 h6 6. Bh4 Nbd7 7. Ngf3 Nh5 8. Bxe7 Qxe7 9. Ne5 Nhf6 10. Nxd7 Bxd7 11. O-O O-O 12. c3 a6 13. Nf3 Bb5 14. Bxb5 axb5 15. a3 c6 16. Ne5 Nd7 17. Nxd7 Qxd7 18. Re1 f5 19. Qh5 Qf7 20. Qxf7+ Rxf7 21. f3 Raf8 22.
Rf1 g5 23. f4 g4 24. g3 Ra8 25. Ra2 b6 26. Rfa1 Rfa7 27. Kf2 Kf7 28. Kg2 h5 29. h3 Rh8 30. hxg4 hxg4 31. Rh1 Rxh1 32. Kxh1 c5 33. Kg2 Ke7 34. Ra1 b4 35. cxb4 cxb4 36. a4 Ra5 37. b3 b5 38. Rb1 bxa4 39. bxa4 Rxa4 40. Rb3 Kd6 41. Kf2 Kc6 42. Rb2 Kb5 43.
Ke2 Ra3 44. Kd2 Kc4 45. Rc2+ Kb3 46. Rc6 Ra2+ 47. Kd3 Rg2 48. Rxe6 Rxg3 49. Re5 Ka2 50. Rxd5 b3 51. Rxf5 b2 52. Rb5 b1=Q+ 53. Rxb1 Kxb1 54. d5 Rg1 55. Ke4 g3 56. Kf3 g2 57. Kf2 Re1 58.
Kxg2 Rxe3 59. Kf2 Rd3 60. Ke2 Kc2 61. f5 Rxd5 62. f6 Rf5 63. Ke3 Rxf6 64. Ke4 Kc3 0-1

[Event "Live Chess"]
[Site "Chess.com"]
[Date "2023.05.21"]
[Round "-"]
[White "jimwad"]
[Black "FlyingChessKestrel13"]
[Result "0-1"]
[WhiteElo "1222"]
[BlackElo "2073"]
[TimeControl "300"]
[EndTime "8:48:14 PDT"]
[Termination "FlyingChessKestrel13 won by resignation"]

1. c4 Nf6 2. g3 c6 3. Bg2 d5 4.
cxd5 cxd5 5. d4 Nc6 6. Nf3 g6 7. Nc3 Bg7 8. O-O O-O 9. e3 Bg4 10. Qb3 Qd7 11. Ne5 Nxe5 12. dxe5 Ne4 13. Bxe4 dxe4 14.
Nxe4 Bf3 15. Nd2 Bc6 16. e4 Bxe5 17. f4 Bd4+ 18. Kg2 Kh8 19. Qd3 f5 20. Re1 Rad8 21.
Kf1 fxe4 22. Nxe4 Qh3+ 23. Ke2 Qxh2+ 24. Kd1 Bg7 25. Re2 Rxd3+ 26. Bd2 Qg1+ 0-1

[Event "Live Chess"]
[Site "Chess.com"]
[Date "2023.05.21"]
[Round "-"]
[White "Alfiedog12"]
[Black "Mugzwang"]
[Result "0-1"]
[WhiteElo "868"]
[BlackElo "1438"]
[TimeControl "300"]
[EndTime "8:48:15 PDT"]
[Termination "Mugzwang won by checkmate"]

1. d4 d5 2. Nf3 Nf6 3. Bf4 c5 4. c3 Nc6 5. Nbd2 cxd4 6. Nxd4 Nxd4 7. cxd4 Bf5 8. e3 g6 9. Qa4+ Bd7 10. Bb5 Bg7 11.
O-O O-O 12. Rac1 Bxb5 13. Qxb5 b6 14. Rc7 Nh5 15. Rfc1 Nxf4 16. exf4 Bxd4 17. Rd7 Qe8 18. Rcc7 Bc5 19. Qc6 Bd6 20. Rb7 Rc8 21. Qb5 Rc5 22.
Qa6 Qc8 23. Qxa7 Rc1+ 24. Nf1 Qc2 25. h3 Qd1 26. Qa6 Bxf4 27. Rxe7 d4 28. Re4 g5 29. Rd7 Qd3 30. Rdxd4 Qxa6 31. a3 Qxf1# 0-1

[Event "Live Chess"]
[Site "Chess.com"]
[Date "2023.05.21"]
[Round "-"]
[White "AttackingSnowLeopard"]
[Black "Ninifu"]
[Result "1-0"]
[WhiteElo "2174"]
[BlackElo "2017"]
[TimeControl "300"]
[EndTime "8:48:29 PDT"]
[Termination "AttackingSnowLeopard won by resignation"]

1. d4 Nf6 2. c4 g6 3. Nc3 Bg7 4. e4 d6 5. Be2 O-O 6. Be3 e5 7. d5 a5 8. g4 Na6 9. h4 Nd7 10. h5 f5 11. hxg6 f4 12. gxh7+ Kh8 13. Bd2 Nac5 14. Nf3 Nf6 15. g5 Nfxe4 16. Nxe4 Nxe4 17.
Bd3 Nxg5 18. Nxg5 Qxg5 19. Qc2 Bf5 20. O-O-O Bxd3 21. Qxd3 Qf5 22. Qxf5 Rxf5 23. f3 Re8 24. Bxa5 e4 25. Bxc7 exf3 26. Bxd6 Re2 27. Ba3 f2 28. d6 Rf8 29. d7 Rd8 30. c5 Be5 31. c6 bxc6 32.
Kb1 f3 33. Be7 Rxb2+ 34. Kc1 1-0

[Event "Live Chess"]
[Site "Chess.com"]
[Date "2023.05.21"]
[Round "-"]
[White "Tiltador"]
[Black "WelshTiger"]
[Result "0-1"]
[WhiteElo "934"]
[BlackElo "2321"]
[TimeControl "300"]
[EndTime "8:48:30 PDT"]
[Termination "WelshTiger won by checkmate"]

1. e4 c5 2. Nf3 d6 3. d3 g6 4. Be2 Bg7 5. O-O Nc6 6. Be3 e5 7. Nc3 Nge7 8. Nd5 Nxd5 9. exd5 Ne7 10. c4 Nf5 11. b3 a6 12. Bg5 f6 13. Be3 O-O 14. g3 b5 15. cxb5 axb5 16. a3 Bd7 17. b4 Nxe3 18. fxe3 Qb6 19. d4 exd4 20. exd4 c4 21.
Kg2 Rae8 22. Qc2 Bf5 23. Qc3 Be4 24. Rae1 f5 25. Kg1 Bxd5 26. Ng5 Bxd4+ 27. Qxd4 Qxd4+ 28. Rf2 f4 29. gxf4 Rxf4 30. Nh3 Rxf2 31. Nxf2 Rf8 32. Rf1 Qe3 33. Bg4 h5 34. Bh3 Qf3 35. Bg2 Qxg2# 0-1

[Event "Live Chess"]
[Site "Chess.com"]
[Date "2023.05.21"]
[Round "-"]
[White "Hacker_2009"]
[Black "Ian-Morley"]
[Result "1-0"]
[WhiteElo "1947"]
[BlackElo "1096"]
[TimeControl "300"]
[EndTime "8:48:36 PDT"]
[Termination "Hacker_2009 won by resignation"]

1. d4 e5 2. Nf3 exd4 3. Nxd4 Nf6 4. e3 Bb4+ 5. Bd2 Bxd2+ 6. Qxd2 d5 7. c4 dxc4 8. Bxc4 O-O 9. O-O Be6 10. Bxe6 fxe6 11. Nxe6 Qe7 12. Nxf8 Qxf8 13. Nc3 Nc6 14.
Rfd1 Rd8 15. Qe2 Rxd1+ 16. Rxd1 h6 17. a3 Ne5 18. h3 b6 19. Qc2 c5 20. Nd5 1-0

[Event "Live Chess"]
[Site "Chess.com"]
[Date "2023.05.21"]
[Round "-"]
[White "Olisingapore"]
[Black "domrobson"]
[Result "0-1"]
[WhiteElo "1801"]
[BlackElo "1805"]
[TimeControl "300"]
[EndTime "8:48:38 PDT"]
[Termination "domrobson won by checkmate"]

1. d4 Nf6 2. c4 e6 3. g3 d5 4. Bg2 c6 5. Nf3 Nbd7 6. O-O Be7 7. Nc3 O-O 8. Qd3 b6 9. e4 dxe4 10. Nxe4 Bb7 11. Bf4 Nxe4 12. Qxe4 Nf6 13. Qd3 c5 14. d5 exd5 15. cxd5 Qxd5 16. Rfd1 Rad8 17. Nd2 Qxg2# 0-1

[Event "Live Chess"]
[Site "Chess.com"]
[Date "2023.05.21"]
[Round "-"]
[White "viktorskliarov"]
[Black "OceanFloater"]
[Result "1-0"]
[WhiteElo "2628"]
[BlackElo "1048"]
[TimeControl "300"]
[EndTime "8:48:42 PDT"]
[Termination "viktorskliarov won by resignation"]

1. e4 c6 2. d4 d5 3. exd5 cxd5 4. Bd3 Nc6 5. c3 Nf6 6. Ne2 e5 7. dxe5 Nxe5 8. Bb5+ Bd7 9. Bxd7+ Qxd7 10. O-O Rc8 11. Nd4 a6 12. Re1 Bd6 13. f4 Bc5 14. Rxe5+ Kd8 15.
Be3 Bxd4 16. Bxd4 Ne4 17. Nd2 f6 18. Bb6+ Rc7 19. Bxc7+ Kxc7 20. Rxe4 dxe4 21. Nxe4 f5 22. Qxd7+ Kxd7 23. Rd1+ Kc6 24. Ng3 Re8 25. Kf2 h6 26. Nxf5 Re7 27. Nxe7+ 1-0

[Event "Live Chess"]
[Site "Chess.com"]
[Date "2023.05.21"]
[Round "-"]
[White "yeetpizza74"]
[Black "ProfPoisson"]
[Result "0-1"]
[WhiteElo "497"]
[BlackElo "1208"]
[TimeControl "300"]
[EndTime "8:49:06 PDT"]
[Termination "ProfPoisson won by checkmate"]

1. e4 e5 2. Nf3 Nf6 3. Nc3 Nc6 4. Bc4 Nxe4 5. Nxe4 d5 6. Bd3 dxe4 7. Bxe4 f5 8. Bxc6+ bxc6 9. Nxe5 Qd6 10. d4 Ba6 11. Bf4 Qb4+ 12. c3 Qxb2 13. Nxc6 Qxc3+ 14. Bd2 Qxc6 15. Rc1 Qxg2 16. Rxc7 Qxh1# 0-1

[Event "Live Chess"]
[Site "Chess.com"]
[Date "2023.05.21"]
[Round "-"]
[White "WilliamofOrange16th"]
[Black "Misha145Chess"]
[Result "1-0"]
[WhiteElo "1845"]
[BlackElo "621"]
[TimeControl "300"]
[EndTime "8:49:06 PDT"]
[Termination "WilliamofOrange16th won by checkmate"]

1. e4 e6 2. f4 d5 3. e5 Bb4 4. c3 Ba5 5. d4 Nc6 6. Nf3 f6 7. a4 fxe5 8. fxe5 Bd7 9. b4 Nxb4 10. cxb4 Bxb4+ 11. Bd2 Bxd2+ 12. Nbxd2 Qe7 13. Bb5 Bxb5 14.
axb5 O-O-O 15. Rxa7 Qd7 16. Ra8# 1-0

[Event "Live Chess"]
[Site "Chess.com"]
[Date "2023.05.21"]
[Round "-"]
[White "RichardABates"]
[Black "PiotrD11"]
[Result "1-0"]
[WhiteElo "2190"]
[BlackElo "1376"]
[TimeControl "300"]
[EndTime "8:49:11 PDT"]
[Termination "RichardABates won by checkmate"]

1. d4 d5 2. c4 e5 3. dxe5 d4 4.
Nf3 Nc6 5. g3 Nge7 6. Bg2 Ng6 7.
O-O Bc5 8. b4 Bxb4 9. Qa4 O-O 10.
Bb2 Bc5 11. Nbd2 Bd7 12. Qb3 Rb8 13. Ne4 Na5 14. Qc2 b6 15. Nxd4 Bxd4 16. Bxd4 Be6 17.
Bc3 Nxc4 18. Rad1 Qe7 19. h4 Ncxe5 20. h5 Nh4 21. gxh4 Bf5 22. Bxe5 Qxe5 23. Qc3 Qe6 24. Ng3 Bg4 25. Rd4 Bxe2 26. Re4 Qxa2 27. Rxe2 Qa5 28.
Qb2 c5 29. Nf5 f6 30. Re7 Rf7 31. Rxf7 Kxf7 32. Qe2 Qc3 33. Qe7+ Kg8 34. Qxg7# 1-0

[Event "Live Chess"]
[Site "Chess.com"]
[Date "2023.05.21"]
[Round "-"]
[White "LiamClery2020"]
[Black "HoarseyHorsey"]
[Result "1-0"]
[WhiteElo "1996"]
[BlackElo "1467"]
[TimeControl "300"]
[EndTime "8:49:14 PDT"]
[Termination "LiamClery2020 won by resignation"]

1. e4 c5 2. Nf3 e6 3. c3 d5 4.
e5 Nc6 5. d4 Bd7 6. Bd3 cxd4 7.
cxd4 Qb6 8. Nc3 a6 9. Bc2 Nb4 10. Bb1 Ne7 11. a3 Nbc6 12. O-O Rc8 13. Ng5 Ng6 14. Qf3 Ngxe5 15. dxe5 Nxe5 16. Qg3 Bd6 17. Be3 O-O 18. Bxb6 1-0